 Dungeon Crawl Stone Soup version 0.29-a0-284-gf9362112df (webtiles) character file.

Game seed: 12135915329938540333

36 bwicke the Insei (level 3, -2/43 HPs)
             Began as a Djinni Transmuter on Mar 30, 2022.
             Slain by Robin
             ... wielding a +0 trident
              (7 damage)
             ... on level 2 of the Dungeon.
             The game lasted 00:06:12 (1705 turns).

bwicke the Insei (Djinni Transmuter)                Turns: 1705, Time: 00:06:13

Health: -2/43      AC: 21    Str:  9    XL:     3   Next: 57%
Gold:   111        EV:  2    Int: 16    God:
                   SH:  0    Dex: 13

rFire   . . .      SeeInvis .   c - +0 dagger
rCold   . . .      Faith    .   d - orb {mayhem}
rNeg    . . .      Spirit   .   (body armour currently unavailable)
rPois   ∞          Reflect  .   (helmet currently unavailable)
rElec   .          Harm     .   (cloak currently unavailable)
rCorr   .          Rampage  .   (gloves currently unavailable)
Will    .....      NoTele   +   (boots unavailable)
Stlth   +.........              (no amulet)
HPRegen 0.14/turn               (no ring)
MPRegen 0.00/turn               (no ring)

@: tree-form
A: stationary, stasis, torment immunity, boosted hp, sickness immunity, (fire
resistance 2), (cold vulnerability 1), float, innate caster, HP casting, extra
vitality 1
a: no special abilities


You were on level 2 of the Dungeon.
You were a tree.
You visited 1 branch of the dungeon, and saw 2 of its levels.

You collected 111 gold pieces.

Inventory:

Hand Weapons
 c - a +0 dagger (weapon)
 i - a +0 whip
Missiles
 e - 3 boomerangs
Armour
 a - a +0 robe (melded)
 d - an orb of mayhem (worn)
Magical Staves
 g - a staff of conjuration
Scrolls
 f - a scroll of vulnerability
 h - a scroll of amnesia {unknown}
 j - a scroll of enchant armour
 k - a scroll of torment {unknown}
Potions
 l - a potion of brilliance {unknown}


   Skills:
 - Level 2.6 Fighting
 - Level 2.1 Dodging
 - Level 3.0 Unarmed Combat
 + Level 2.0 Spellcasting


You couldn't memorise any spells.
You knew the following spells:

 Your Spells              Type           Power      Damage    Failure   Level
a - Beastly Appendage     Tmut           16%        N/A       9%          1
b - Wereblood             Tmut           8%         N/A       13%         2
c - Spider Form           Tmut/Pois      8%         N/A       26%         3
d - Ice Form              Ice/Tmut       8%         N/A       65%         4
e - Pain                  Necr           32%        1d5       9%          1
Your spell library was empty.

Dungeon Overview and Level Annotations

Branches:
Dungeon (2/15)

Altars:

Annotations:
D:2 Robin


Innate Abilities, Weirdness & Mutations

You are a tree.
Your roots penetrate the ground, keeping you stationary.
You cannot be teleported.
You are immune to unholy pain and torment.
Your maximum health is greatly increased.
Your equipment is partially melded.
You are immune to sickness and miasma.
You are immune to poison.
((Your flesh is very heat resistant. (rF++)))
((You are vulnerable to cold. (rC-)))
You float through the air rather than walking.
You learn spells naturally, not from books.
Your magical power is your life essence.
You have superior vitality. (+4 MHP)


Message History

The hobgoblin hits you but does no damage.
The endoplasm hits you but does no damage.
The hobgoblin hits you but does no damage.
You barely miss the hobgoblin.
The hobgoblin is almost dead.
The hobgoblin hits you but does no damage.
The endoplasm hits you but does no damage.
Robin roars a battlecry!
The hobgoblins go into a battle-frenzy!
The hobgoblin hits you.
* * * LOW HITPOINT WARNING * * *
You hear a shout!
You aren't carrying any items that you can evoke.
Unknown command.
Unknown command.
You hit the endoplasm.
The endoplasm is lightly wounded.
The endoplasm freezes you.
You are frozen.
* * * LOW HITPOINT WARNING * * *
The hobgoblin hits you but does no damage.
The hobgoblin hits you.
* * * LOW HITPOINT WARNING * * *
Robin roars a battlecry!
You hit the endoplasm.
The endoplasm is heavily wounded.
The hobgoblin hits you but does no damage.
The endoplasm hits you but does no damage.
Robin hits you but does no damage.
The hobgoblin hits you but does no damage.
You hit the endoplasm.
The endoplasm is severely wounded.
The hobgoblin hits you but does no damage.
The endoplasm hits you but does no damage.
The hobgoblin barely misses you. Robin hits you but does no damage.
You barely miss the endoplasm.
The endoplasm is severely wounded.
The endoplasm hits you but does no damage.
Robin hits you from afar with a +0 trident!
You die...

...........+....'.........
#.#......##....##########
#.#.#.....+....#
#.#.#.#..##....########
#.#.#.#........#.......##
##.#.#.##.##.#####8.8.8.#.
#......##.##.# #.....8#.
.gg....#g#.##J##.#
#÷÷.÷.(#.
.g..#.##)#.##♣##.#
#.....8.. #.#
#.....gggg##.# #÷.÷..... #
#.##.#g#####.# #.....8.. #
#..... ..# #........
......... #_....#..
####.##..... #######.. ...
..... #.. .#.# ##+## ##.
... ....


You could see Robin, an endoplasm and 4 hobgoblins.

Vanquished Creatures
  A bat (D:1)
  2 endoplasms (D:1)
  3 giant cockroaches
  2 hobgoblins (D:1)
  2 quokkas
  2 ball pythons (D:1)
  3 frilled lizards (D:1)
  4 goblins
  5 kobolds (D:1)
  A rat (D:1)
25 creatures vanquished.

Vanquished Creatures (collateral kills)
  A dart slug (D:1)
  3 goblins (D:2)
  A hobgoblin (D:1)
5 creatures vanquished.

Vanquished Creatures (others)
  A goblin (D:2)
  A rat (D:1)
2 creatures vanquished.

Grand Total: 32 creatures vanquished

Notes
Turn   | Place    | Note
-------+----------+-------------------------------------------
     0 | D:1      | bwicke the Djinni Transmuter began the quest for the Orb.
     0 | D:1      | Reached XP level 1. HP: 17/17 MP: 0/0
   160 | D:1      | Reached XP level 2. HP: 10/23 MP: 0/0
   713 | D:1      | Reached XP level 3. HP: 15/29 MP: 0/0
   713 | D:1      | Learned a level 1 spell: Pain
  1451 | D:2      | Found a faded altar of an unknown god.
  1661 | D:2      | Noticed Robin
  1699 | D:2      | HP: 2/43 [hobgoblin[Robin] (1)]
  1705 | D:2      | Slain by Robin

Illustrated notes

Levels and vault maps discovered:
D:1:      lightli_iron_boxes, layout_loops_ring, minmay_quantized
D:2:      minmay_evil_eye, layout_basic, shapermc_ecumenical_altar_pompeii,
          kennysheep_generic_room_13, uniq_robin, uniq_sigmund,
          uniq_crazy_yiuf_cottage

Skill      XL: |  1  2  3 |
---------------+----------+-----
Fighting       | 2 |  2.6
Spellcasting   | 2 |  2.0
Dodging        | |  2.1
Unarmed Combat | |  3.0

Action                   || total
-------------------------++-------
Melee: Dagger            ||   142
       Headbutt          ||     4
 Cast: Beastly Appendage ||    12
  Use: Scroll            ||     2
       Potion            ||     2
 Stab: Sleeping          ||     2
Armor: Robe              ||    17
       Skin              ||    35
Dodge: Dodged            ||    80

Table legend: (Time is in decaauts)
 A = Elapsed time spent in this place.
 B = Non-inter-level travel time spent in this place.
 C = Inter-level travel time spent in this place.
 D = Time resting spent in this place.
 E = Time spent auto-exploring this place.
 F = Levels seen in this place.
 G = Mean time per level.
                   A        B        C        D        E       F      G
               +--------+--------+--------+--------+--------+-----+--------+
         Total |   1704 |   1654 |     50 |      0 |   1286 |   2 |  852.0 |
       Dungeon |   1704 |   1654 |     50 |      0 |   1286 |   2 |  852.0 |
               +--------+--------+--------+--------+--------+-----+--------+

Top non-repeatable levels by time:
     D:1: 1437 daAuts
     D:2: 266 daAuts
